MID
PEORIA CHIEFS @ AUGUSTA GREENJACKETS
09/10/2044
 
TOP OF THE 1ST
Peoria Chiefs batting - Pitching for Augusta GreenJackets : RHP John Bittinger
Pitching: RHP John Bittinger
Batting: LHB Ichiro Toyota 0-0: Called Strike
0-1: Ball
1-1: Swinging Strike
1-2: Ball
2-2: Strikes out looking
Batting: LHB Ken Compton 0-0: Ball
1-0: Ground out 5-3 (Groundball, 56, EV 80.0 MPH)
Batting: RHB Terry Baginski 0-0: Ball
1-0: Fly out, F9 (Line Drive, 9, EV 86.3 MPH)
Top of the 1st over - 0 runs, 0 hits, 0 errors, 0 left on base; Peoria 0 - Augusta 0
BOTTOM OF THE 1ST
Augusta GreenJackets batting - Pitching for Peoria Chiefs : LHP Kai Klindt
Pitching: LHP Kai Klindt
Batting: LHB Kevin Kantor 0-0: Fly out, F8 (Flyball, 8RM, EV 96.3 MPH)
Batting: RHB Drew Duncan 0-0: Ball
1-0: Ball
2-0: Called Strike
2-1: Foul Ball, location: 2F
2-2: DOUBLE (Line Drive, 89D, EV 105.0 MPH)
Batting: RHB Chris King 0-0: SINGLE (Groundball, P, EV 81.3 MPH) (infield hit)
Drew Duncan to third
Batting: RHB Omar Jordan 0-0: Called Strike
0-1: Fielders Choice at 2nd, 6-4 (Groundball, 6, EV 103.1 MPH)
Drew Duncan scores
Batting: RHB Mike Buchanan 0-0: Swinging Strike
0-1: Foul Ball, location: 2F
0-2: Fly out, F7 (Flyball, 7LM, EV 90.6 MPH)
Bottom of the 1st over - 1 run, 2 hits, 0 errors, 1 left on base; Peoria 0 - Augusta 1
TOP OF THE 2ND
Peoria Chiefs batting - Pitching for Augusta GreenJackets : RHP John Bittinger
Batting: RHB Mark Cahill 0-0: Ball
1-0: Fly out, F4 (Popup, 34S, EV 83.1 MPH)
Batting: SHB Josh Conner 0-0: Foul Ball, location: 2F
0-1: Ball
1-1: Swinging Strike
1-2: Ball
2-2: Foul Ball, location: 2F
2-2: Strikes out swinging
Batting: RHB Justin Reich 0-0: Swinging Strike
0-1: Called Strike
0-2: Ball
1-2: Ball
2-2: Ball
3-2: Fly out, F9 (Flyball, 9, EV 90.6 MPH)
Top of the 2nd over - 0 runs, 0 hits, 0 errors, 0 left on base; Peoria 0 - Augusta 1
BOTTOM OF THE 2ND
Augusta GreenJackets batting - Pitching for Peoria Chiefs : LHP Kai Klindt
Batting: RHB Justin Baldwin 0-0: Ground out 5-3 (Groundball, 5, EV 100.6 MPH)
Batting: LHB Gabe Velez 0-0: Called Strike
0-1: Ball
1-1: Foul Ball, location: 2F
1-2: Fly out, F9 (Flyball, 89M, EV 90.6 MPH)
Batting: RHB Davey Beeson 0-0: Fly out, F8 (Line Drive, 8LM, EV 91.9 MPH)
Bottom of the 2nd over - 0 runs, 0 hits, 0 errors, 0 left on base; Peoria 0 - Augusta 1
TOP OF THE 3RD
Peoria Chiefs batting - Pitching for Augusta GreenJackets : RHP John Bittinger
Batting: RHB Josh Martin 0-0: Foul Ball, location: 2F
0-1: Ball
1-1: Foul Ball, location: 2F
1-2: Ground out 4-3 (Groundball, 4, EV 89.4 MPH)
Batting: LHB Billy Guzman 0-0: DOUBLE (Line Drive, 7LD, EV 110.0 MPH)
Batting: LHB Adam Eisen 0-0: Called Strike
0-1: Swinging Strike
0-2: Ball
1-2: Strikes out swinging
Batting: LHB Ichiro Toyota 0-0: Called Strike
0-1: Reached on error, E5 (Groundball, 25, EV 76.9 MPH)
Billy Guzman to third
Batting: LHB Ken Compton 0-0: Fly out, F8 (Flyball, 8RD, EV 95.6 MPH)
Top of the 3rd over - 0 runs, 1 hit, 1 error, 2 left on base; Peoria 0 - Augusta 1
BOTTOM OF THE 3RD
Augusta GreenJackets batting - Pitching for Peoria Chiefs : LHP Kai Klindt
Batting: RHB Devin Lowery 0-0: Ball
1-0: Ball
2-0: Swinging Strike
2-1: Ball
3-1: Base on Balls
Batting: LHB Kevin Kantor 0-0: Ball
1-0: Foul Ball, location: 2F
1-1: Fielders Choice at 2nd, 3-6 (Groundball, 3S, EV 79.4 MPH)
Batting: RHB Drew Duncan 0-0: Ball
1-0: Called Strike
Kevin Kantor is caught stealing 2nd base 2-4
1-1: Ball
2-1: Foul Ball, location: 2F
2-2: Ball
3-2: Ground out 6-3 (Groundball, 6, EV 87.5 MPH)
Bottom of the 3rd over - 0 runs, 0 hits, 0 errors, 0 left on base; Peoria 0 - Augusta 1
TOP OF THE 4TH
Peoria Chiefs batting - Pitching for Augusta GreenJackets : RHP John Bittinger
Batting: RHB Terry Baginski 0-0: Ball
1-0: Swinging Strike
1-1: Ball
2-1: Swinging Strike
2-2: Foul Ball, location: 2F
2-2: Ball
3-2: DOUBLE (Line Drive, 9LS, EV 88.1 MPH)
Batting: RHB Mark Cahill 0-0: Ball
1-0: Ground out 5-3 (Groundball, 56, EV 87.5 MPH)
Batting: SHB Josh Conner 0-0: Called Strike
0-1: Ball
1-1: Ball
Terry Baginski steals 3rd base
2-1: Ball
3-1: Foul Ball, location: 2F
3-2: Foul Ball, location: 2F
3-2: Fly out, F8 (Line Drive, 8RD, EV 108.1 MPH)
Runner from 3rd tags up, SCORES, no throw by CF
Batting: RHB Justin Reich 0-0: Ball
1-0: Foul Ball, location: 2F
1-1: Ball
2-1: Foul Ball, location: 2F
2-2: SINGLE (Groundball, 4MD, EV 100.6 MPH)
Batting: RHB Josh Martin 0-0: Ball
1-0: Ball
2-0: Fielders Choice at 2nd, 5-4 (Groundball, 5, EV 110.0 MPH)
Top of the 4th over - 1 run, 2 hits, 0 errors, 1 left on base; Peoria 1 - Augusta 1
BOTTOM OF THE 4TH
Augusta GreenJackets batting - Pitching for Peoria Chiefs : LHP Kai Klindt
Batting: RHB Chris King 0-0: Fly out, F5 (Flyball, 56D, EV 96.3 MPH)
Batting: RHB Omar Jordan 0-0: Swinging Strike
0-1: Ball
1-1: Ball
2-1: Ball
3-1: Fly out, F8 (Flyball, 8RM, EV 83.8 MPH)
Batting: RHB Mike Buchanan 0-0: DOUBLE (Line Drive, 9LM, EV 103.8 MPH)
Batting: RHB Justin Baldwin 0-0: Called Strike
0-1: Foul Ball, location: 2F
0-2: Ball
1-2: Ball
2-2: Ground out 5-3 (Groundball, 5L, EV 84.4 MPH)
Bottom of the 4th over - 0 runs, 1 hit, 0 errors, 1 left on base; Peoria 1 - Augusta 1
TOP OF THE 5TH
Peoria Chiefs batting - Pitching for Augusta GreenJackets : RHP John Bittinger
Batting: LHB Billy Guzman 0-0: Called Strike
0-1: Ground out U3 (Groundball, 23, EV 83.1 MPH)
Batting: LHB Adam Eisen 0-0: Ball
1-0: Foul Ball, location: 2F
1-1: Ball
2-1: Foul Ball, location: 2F
2-2: Fly out, F6 (Popup, 6M, EV 73.8 MPH)
Batting: LHB Ichiro Toyota 0-0: Called Strike
0-1: SINGLE (Groundball, 5L, EV 101.9 MPH) (infield hit)
Batting: LHB Ken Compton 0-0: Called Strike
Ichiro Toyota steals 2nd base
0-1: Ball
1-1: Foul Ball, location: 2F
1-2: Ball
2-2: Ground out 5-3 (Groundball, 5, EV 75.6 MPH)
Top of the 5th over - 0 runs, 1 hit, 0 errors, 1 left on base; Peoria 1 - Augusta 1
BOTTOM OF THE 5TH
Augusta GreenJackets batting - Pitching for Peoria Chiefs : LHP Kai Klindt
Batting: LHB Gabe Velez 0-0: Ball
1-0: Ball
2-0: SOLO HOME RUN (Flyball, 9D, EV 98.1 MPH), Distance : 383 ft
Batting: RHB Davey Beeson 0-0: Called Strike
0-1: Ground out 4-3 (Groundball, 4, EV 78.8 MPH)
Batting: RHB Devin Lowery 0-0: SINGLE (Groundball, 5S, EV 66.9 MPH) (infield hit)
Pitching: RHP Rich Young
Batting: LHB Kevin Kantor 0-0: Ball
1-0: Called Strike
1-1: Foul Ball, location: 2F
1-2: Fly out, F7 (Line Drive, 7D, EV 97.5 MPH)
Batting: RHB Drew Duncan 0-0: Ball
1-0: Foul Ball, location: 2F
1-1: Ball
2-1: Ball
3-1: Fly out, F7 (Flyball, 7, EV 90.0 MPH)
Bottom of the 5th over - 1 run, 2 hits, 0 errors, 1 left on base; Peoria 1 - Augusta 2
TOP OF THE 6TH
Peoria Chiefs batting - Pitching for Augusta GreenJackets : RHP John Bittinger
Batting: RHB Terry Baginski 0-0: Called Strike
0-1: Swinging Strike
0-2: Ball
1-2: Ball
2-2: Reached on error, E4 (Groundball, 4, EV 85.0 MPH)
Batting: RHB Mark Cahill 0-0: Ball
Terry Baginski steals 2nd base
1-0: Called Strike
1-1: Ground out 3-1 (Groundball, 34S, EV 91.3 MPH)
Terry Baginski to third
Batting: SHB Josh Conner 0-0: Ball
1-0: Ball
2-0: Ball
3-0: Called Strike
3-1: Foul Ball, location: 2F
3-2: Foul Ball, location: 2F
3-2: Base on Balls
Batting: RHB Justin Reich 0-0: Ball
1-0: Called Strike
1-1: Ball
2-1: Called Strike
2-2: Strikes out looking
Batting: RHB Josh Martin 0-0: Ball
1-0: Fielders Choice at 2nd, 6-4 (Groundball, 6, EV 105.6 MPH)
Top of the 6th over - 0 runs, 0 hits, 1 error, 2 left on base; Peoria 1 - Augusta 2
BOTTOM OF THE 6TH
Augusta GreenJackets batting - Pitching for Peoria Chiefs : RHP Rich Young
Batting: RHB Chris King 0-0: Ball
1-0: Called Strike
1-1: Foul Ball, location: 2F
1-2: Strikes out swinging
Batting: RHB Omar Jordan 0-0: Called Strike
0-1: Ball
1-1: Foul Ball, location: 2F
1-2: Ball
2-2: Fly out, F8 (Flyball, 8RXD, EV 105.0 MPH)
Batting: RHB Mike Buchanan 0-0: Foul Ball, location: 2F
0-1: Foul Ball, location: 2F
0-2: Ball
1-2: Fly out, F9 (Flyball, 9S, EV 80.0 MPH)
Bottom of the 6th over - 0 runs, 0 hits, 0 errors, 0 left on base; Peoria 1 - Augusta 2
TOP OF THE 7TH
Peoria Chiefs batting - Pitching for Augusta GreenJackets : RHP John Bittinger
Pitching: RHP Lorenzo Merjil
Batting: LHB Billy Guzman 0-0: Fly out, F6 (Popup, 6, EV 62.5 MPH)
Batting: LHB Adam Eisen 0-0: Swinging Strike
0-1: Ball
1-1: Swinging Strike
1-2: Ball
2-2: Ball
3-2: Foul Ball, location: 2F
3-2: Reached on error, E5 (Groundball, 5, EV 88.8 MPH)
Batting: LHB Ichiro Toyota 0-0: Ball
Adam Eisen steals 3rd base (no throw)
1-0: Foul Ball, location: 2F
1-1: Ball
2-1: Called Strike
2-2: Ground out U3 (Groundball, 3, EV 86.3 MPH)
Batting: LHB Ken Compton 0-0: Ball
1-0: Called Strike
1-1: Ground out 1-3 (Groundball, 13, EV 75.6 MPH)
Top of the 7th over - 0 runs, 0 hits, 1 error, 1 left on base; Peoria 1 - Augusta 2
BOTTOM OF THE 7TH
Augusta GreenJackets batting - Pitching for Peoria Chiefs : RHP Rich Young
Batting: RHB Justin Baldwin 0-0: Ball
1-0: Called Strike
1-1: SINGLE (Groundball, 6MD, EV 99.4 MPH)
Batting: LHB Gabe Velez 0-0: Called Strike
0-1: Ground out 5-3 (Groundball, 56S, EV 65.6 MPH)
Justin Baldwin to second
Batting: RHB Davey Beeson 0-0: Intentional Walk
Batting: RHB Devin Lowery 0-0: Ball
1-0: Called Strike
1-1: Grounds into double play, 5-4-3 (Groundball, 56, EV 88.8 MPH)
Bottom of the 7th over - 0 runs, 1 hit, 0 errors, 1 left on base; Peoria 1 - Augusta 2
TOP OF THE 8TH
Peoria Chiefs batting - Pitching for Augusta GreenJackets : RHP Lorenzo Merjil
Pitching: RHP Takashi Kino
Batting: RHB Terry Baginski 0-0: Ball
1-0: Ball
2-0: Called Strike
2-1: Swinging Strike
2-2: Ball
3-2: SINGLE (Groundball, 34D, EV 102.5 MPH)
Batting: RHB Mark Cahill 0-0: Called Strike
0-1: SINGLE (Groundball, 4M, EV 83.8 MPH) (infield hit)
Terry Baginski to second
Batting: SHB Josh Conner 0-0: Ball
1-0: Ball
2-0: Called Strike
2-1: Ball
3-1: Base on Balls
Terry Baginski to third
Mark Cahill to second
Batting: RHB Justin Reich 0-0: Ball
1-0: Ball
2-0: Ball
3-0: Base on Balls
Terry Baginski scores
Mark Cahill to third
Josh Conner to second
Pitching: RHP Ron Riley
Batting: RHB Josh Martin 0-0: Foul Ball, location: 2F
0-1: Foul Ball, location: 2F
0-2: Ball
1-2: Strikes out looking
Batting: LHB Billy Guzman 0-0: Ball
1-0: Ball
2-0: Ball
3-0: Called Strike
3-1: Swinging Strike
3-2: SINGLE (Groundball, 6D, EV 100.6 MPH)
Mark Cahill scores
Josh Conner to third
Justin Reich to second
Runner from 3rd tries for Home, SAFE, throw by CF to home
Batting: LHB Adam Eisen 0-0: Fielders Choice at 2nd, 4-6 (Groundball, 4M, EV 83.8 MPH)
Justin Reich to third
Batting: LHB Ichiro Toyota 0-0: Ball
1-0: Ball
Adam Eisen steals 2nd base
2-0: Called Strike
2-1: Ball
3-1: Foul Ball, location: 2F
3-2: Fly out, F3 (Flyball, 3D, EV 73.8 MPH)
Top of the 8th over - 3 runs, 3 hits, 0 errors, 2 left on base; Peoria 4 - Augusta 2
BOTTOM OF THE 8TH
Augusta GreenJackets batting - Pitching for Peoria Chiefs : RHP Rich Young
Pitching: RHP Rodriguo Persoa
Batting: LHB Kevin Kantor 0-0: Called Strike
0-1: Swinging Strike
0-2: Strikes out swinging
Batting: RHB Drew Duncan 0-0: Swinging Strike
0-1: Ball
1-1: Ball
2-1: Called Strike
2-2: Strikes out swinging
Batting: RHB Chris King 0-0: Foul Ball, location: 2F
0-1: Swinging Strike
0-2: Ball
1-2: Reached on error, E6 (Groundball, 56D, EV 83.1 MPH)
Batting: RHB Omar Jordan 0-0: Ball
1-0: Foul Ball, location: 2F
1-1: Ball
2-1: Foul Ball, location: 2F
2-2: Ball
3-2: SINGLE (Groundball, 5S, EV 75.0 MPH) (infield hit)
Chris King to third
Batting: RHB Mike Buchanan 0-0: Foul Ball, location: 2F
0-1: Called Strike
0-2: Strikes out swinging
Bottom of the 8th over - 0 runs, 1 hit, 1 error, 2 left on base; Peoria 4 - Augusta 2
TOP OF THE 9TH
Peoria Chiefs batting - Pitching for Augusta GreenJackets : RHP Ron Riley
Pitching: RHP Juan Flores
Batting: LHB Ken Compton 0-0: SINGLE (Groundball, 4MS, EV 71.3 MPH) (infield hit)
Batting: RHB Terry Baginski 0-0: Ball
Ken Compton steals 2nd base
1-0: Intentional Walk
Batting: RHB Mark Cahill 0-0: Called Strike
0-1: Ball
1-1: Ball
2-1: Ball
3-1: Foul Ball, location: 2F
3-2: SINGLE (Line Drive, 89D, EV 110.0 MPH)
Ken Compton to third
Terry Baginski to second
Batting: SHB Josh Conner 0-0: Ball
1-0: Swinging Strike
1-1: Foul Ball, location: 2F
1-2: Foul Ball, location: 2F
1-2: Ball
2-2: Strikes out swinging
Batting: RHB Justin Reich 0-0: Ball
1-0: Foul Ball, location: 2F
1-1: Foul Ball, location: 2F
1-2: Foul Ball, location: 2F
1-2: Fly out, F8 (Line Drive, 78M, EV 91.9 MPH)
Runner from 3rd tags up, SCORES, throw by CF
Terry Baginski to third
Batting: RHB Josh Martin 0-0: Foul Ball, location: 2F
0-1: Called Strike
0-2: Ball
1-2: Ball
2-2: Ball
3-2: Base on Balls
Mark Cahill to second
Batting: LHB Billy Guzman 0-0: Ball
1-0: Foul Ball, location: 2F
1-1: Foul Ball, location: 2F
1-2: Foul Ball, location: 2F
1-2: Ball
2-2: Ball
3-2: Fly out, F4 (Flyball, 4D, EV 90.0 MPH)
Top of the 9th over - 1 run, 2 hits, 0 errors, 3 left on base; Peoria 5 - Augusta 2
BOTTOM OF THE 9TH
Augusta GreenJackets batting - Pitching for Peoria Chiefs : RHP Rodriguo Persoa
Pitching: RHP Mike Pemble
Batting: RHB Justin Baldwin 0-0: Ball
1-0: Ball
2-0: Ball
3-0: Swinging Strike
3-1: Base on Balls
Batting: LHB Gabe Velez 0-0: Called Strike
0-1: Swinging Strike
0-2: Foul Ball, location: 2F
0-2: Ball
1-2: Strikes out swinging
Batting: RHB Davey Beeson 0-0: Ball
1-0: Swinging Strike
1-1: Foul Ball, location: 2F
1-2: Fly out, F9 (Flyball, 9D, EV 96.3 MPH)
Batting: RHB Devin Lowery 0-0: Ball
1-0: Called Strike
1-1: Ball
2-1: Foul Ball, location: 2F
2-2: Ball
3-2: Base on Balls
Justin Baldwin to second
Batting: LHB Kevin Kantor 0-0: Called Strike
0-1: Ball
1-1: Ball
2-1: Ball
3-1: TRIPLE (Line Drive, 89XD, EV 103.8 MPH)
Justin Baldwin scores
Devin Lowery scores
Batting: RHB Drew Duncan 0-0: Called Strike
0-1: Ball
1-1: Swinging Strike
1-2: Strikes out swinging
Bottom of the 9th over - 2 runs, 1 hit, 0 errors, 1 left on base; Peoria 5 - Augusta 4
Thursday, March 31st , 2022 - OOTP Baseball 22.12 Build 89